Map: Frostline LE

Players

Pot

  • Race: Terran Terran
  • Spawn Location: 1:00

iPlayDefense - Winner!

  • Race: Terran Terran
  • League: Silver
  • Spawn Location: 7:00

VOD

Have the link to the VOD?

Description

Time

  • Played on: April 17, 2025, 7:55 a.m.
  • Length: 22:30
Show
View Real Time Build Order
Export as new Build Order

Pot Terran 

Build Orders:  

Get SALT Encoding   

  12  0:14  SCV  
  13  0:26  SCV  
  14  0:30  Engineering Bay  
  14  0:38  SCV  
  15  0:53  Refinery  
  15  1:06  Supply Depot  
  15  1:11  Supply Depot  
  15  1:17  Refinery  
  15  1:33  SCV  
  16  1:45  SCV  
  16  1:47  Barracks  
  17  1:57  SCV  
  18  2:11  SCV  
  19  2:23  SCV  
  20  2:31  Sensor Tower  
  20  2:34  Supply Depot  
  20  2:35  SCV  
  21  2:52  SCV  
  22  2:59  Supply Depot  
  22  3:04  SCV  
  23  3:11  Factory  
  23  3:16  SCV  
  24  3:22  Missile Turret  
  24  3:28  SCV  
  25  3:40  Barracks Tech Lab  
  25  3:45  Missile Turret  
  25  3:55  Factory  
  25  4:06  Widow Mine  
  27  4:10  Terran Infantry Weapons Level 1  
  27  4:16  Orbital Command  
  27  4:28  Widow Mine  
  27  4:31  Reaper  
  30  4:44  Ghost Academy  
  30  4:46  Starport  
  30  4:49  Widow Mine  
  32  4:55  Command Center  
  32  5:10  Widow Mine  
  34  5:24  Starport  
  34  5:32  Widow Mine  
  36  5:36  Personal Cloaking  
  36  6:09  Starport  
  36  6:23  Factory Tech Lab  
  36  6:24  Factory Tech Lab  
  35  6:53  Ghost  
  38  7:02  Nuke  
  38  7:03  Siege Tank  
  41  7:10  SCV  
  42  7:16  Refinery  
  42  7:22  SCV, Marine  
  44  7:34  SCV  
  45  7:39  Refinery  
  45  7:40  Marine  
  46  7:46  SCV  
  47  7:58  SCV, Marine  
  48  8:00  Siege Tank  
  52  8:10  Supply Depot  
  52  8:16  Marine  
  53  8:31  Siege Tank  
  53  8:32  Siege Tank  
  53  8:33  Supply Depot  
  59  8:41  Command Center  
  59  8:55  Supply Depot  
  59  9:18  Supply Depot  
  59  9:30  SCV  
  60  9:40  Supply Depot  
  60  9:42  SCV  
  60  9:43  Sensor Tower  
  61  9:46  Viking x3  
  67  9:54  SCV  
  68  10:02  Supply Depot  
  68  10:06  SCV  
  69  10:16  Viking x3  
  69  10:18  SCV  
  76  10:27  Supply Depot  
  76  10:46  Viking x2  
  80  10:50  Supply Depot  
  80  10:53  Siege Tank x2  
  83  11:05  Ghost  
  86  11:13  Supply Depot  
  86  11:17  SCV  
  87  11:22  Terran Infantry Armor Level 1  
  87  11:25  Siege Tank x2  
  93  11:29  SCV  
  94  11:52  Supply Depot  
  94  12:11  SCV  
  94  12:15  Supply Depot  
  95  12:21  Fusion Core  
  95  12:23  SCV  
  97  12:37  Supply Depot  
  96  12:50  Command Center  
  89  13:03  Supply Depot  
  80  13:16  Hi-Sec Auto Tracking  
  80  13:26  Supply Depot  
  80  13:48  Supply Depot  
  80  13:55  Nuke  
  77  14:11  Supply Depot  
  77  14:17  Viking x3  
  83  14:47  Viking x3  
  89  15:17  Viking x3  
  95  15:47  Viking x3  
  101  16:16  Command Center  
  101  16:25  Missile Turret  
  101  17:28  Missile Turret  
  53  19:38  Command Center  
  46  21:39  Ghost  
Show
View Real Time Build Order
Export as new Build Order

iPlayDefense Terran - Winner!

Build Orders:  

Get SALT Encoding   

  12  0:00  SCV  
  13  0:16  Supply Depot  
  13  0:18  SCV  
  14  0:30  SCV  
  15  0:42  SCV  
  16  0:52  Barracks  
  16  0:54  SCV  
  17  0:58  Refinery  
  17  1:06  SCV  
  18  1:18  SCV  
  19  1:40  Orbital Command  
  19  1:45  Barracks Reactor  
  19  1:49  Command Center  
  19  2:01  Supply Depot  
  19  2:10  SCV  
  20  2:20  Refinery  
  20  2:21  Marine x2  
  22  2:23  SCV  
  23  2:30  Supply Depot  
  23  2:35  SCV  
  24  2:39  Marine x2  
  26  2:47  SCV  
  27  3:01  Orbital Command  
  27  3:05  Marine x2  
  29  3:11  Bunker  
  29  3:22  SCV, Marine  
  29  3:23  Marine  
  32  3:28  Supply Depot  
  32  3:34  SCV  
  32  3:37  Factory  
  33  3:43  Bunker  
  33  3:46  SCV  
  34  3:58  SCV  
  35  4:11  Barracks  
  35  4:15  Engineering Bay, Barracks  
  35  4:19  SCV x2  
  35  4:20  Marine x2  
  39  4:25  Bunker  
  39  4:31  SCV x2  
  41  4:33  Refinery x2  
  41  4:37  Factory Tech Lab  
  41  4:38  Marine x2  
  43  4:46  SCV x2  
  45  4:56  Siege Tank, Marine x2  
  45  4:58  SCV  
  45  4:59  SCV  
  52  5:02  Barracks Tech Lab x2  
  52  5:04  Terran Infantry Weapons Level 1  
  52  5:10  Supply Depot  
  52  5:13  Marine x2  
  54  5:17  Missile Turret  
  57  5:28  Siege Tank  
  57  5:29  SCV x2  
  57  5:30  Marine x2  
  57  5:31  Marine x2  
  63  5:41  SCV x2  
  65  5:43  Supply Depot  
  65  5:44  Starport  
  65  5:48  Marine x2  
  67  6:00  Siege Tank, Stimpack  
  67  6:02  Combat Shield  
  70  6:19  SCV x2  
  70  6:21  Marine x4  
  76  6:27  Starport Reactor  
  76  6:31  SCV x2  
  78  6:37  Command Center  
  78  6:46  Supply Depot  
  78  6:50  Supply Depot  
  78  7:07  SCV x2, Marine x2, Medivac x2  
  86  7:10  Supply Depot  
  86  7:11  Siege Tank, Marine x2  
  86  7:13  Supply Depot  
  91  7:19  SCV x2, Terran Infantry Armor Level 1  
  93  7:25  Marine  
  94  7:31  Marine  
  94  7:32  SCV x2  
  97  7:40  Concussive Shells  
  97  7:51  Orbital Command  
  97  7:52  Refinery  
  97  7:56  SCV x2  
  97  7:58  Marine x4  
  102  8:00  Siege Tank  
  102  8:02  Medivac x2  
  110  8:08  SCV  
  110  8:09  SCV  
  112  8:15  Marine  
  112  8:16  Marine  
  114  8:20  SCV  
  114  8:21  SCV  
  116  8:32  SCV  
  116  8:33  SCV x2  
  119  8:34  Marine x2  
  119  8:35  Marine x2  
  119  8:40  Medivac  
  125  8:44  Supply Depot  
  125  8:50  Supply Depot  
  125  9:06  Marine x2, Marauder x2, Medivac  
  133  9:12  SCV x3, Siege Tank  
  139  9:28  Marauder  
  141  9:43  Supply Depot  
  141  9:45  Supply Depot  
  141  10:05  SCV x2, Marine x3, Siege Tank  
  149  10:07  Supply Depot, SCV, Marine, Medivac x2  
  149  10:11  Barracks  
  149  10:13  Barracks  
  155  10:14  Supply Depot  
  155  10:19  SCV  
  156  10:22  Marine  
  157  10:29  Marine, Marauder  
  160  10:37  Siege Tank  
  163  10:47  Marauder  
  165  10:51  Marauder  
  167  11:00  Refinery  
  168  11:04  SCV x3  
  168  11:05  Marine x2  
  168  11:08  Marine  
  173  11:17  Supply Depot  
  173  11:21  Supply Depot  
  173  11:38  SCV, Marine x3, Medivac x2  
  181  11:40  Supply Depot  
  181  11:43  SCV x2, Marine, Siege Tank  
  181  11:44  Supply Depot  
  187  11:56  Marine x2  
  189  12:01  Marine x2  
  189  12:02  Supply Depot  
  189  12:07  Supply Depot  
  191  12:08  Medivac x2  
  191  12:11  Barracks Reactor x2  
  191  12:14  Marine x2  
  191  12:15  Siege Tank  
  200  12:27  Supply Depot  
  200  12:50  Supply Depot  
  200  13:13  Supply Depot  
  110  13:34  Marine x5  
  110  13:35  Marine x3  
  110  13:48  Siege Tank  
  110  13:50  Medivac x2  
  110  13:52  Marine x8  
  122  14:09  Marine  
  122  14:10  Marine x7  
  130  14:20  Medivac x2  
  130  14:21  Siege Tank, Starport  
  137  14:27  Marine  
  137  14:28  Marine x7  
  145  14:46  Marine x2  
  147  14:53  Siege Tank  
  148  15:12  Factory  
  148  15:14  Marine x8  
  148  15:19  Hi-Sec Auto Tracking  
  156  15:25  Siege Tank, Command Center, Armory  
  159  15:32  Marine x8  
  167  15:49  Marine  
  167  15:50  Marine x7  
  175  15:57  Siege Tank  
  175  16:00  Factory Tech Lab  
  175  16:03  Starport Tech Lab  
  178  16:07  Marine  
  178  16:08  Marine x7  
  186  16:16  Neosteel Armor, Medivac x2  
  190  16:22  Terran Vehicle Weapons Level 1  
  190  16:26  Marine x2  
  190  16:30  Siege Tank x2  
  198  16:42  Missile Turret  
  198  16:45  Missile Turret x2  
  198  17:04  Missile Turret  
  198  17:06  Missile Turret x2  
  198  17:19  Refinery  
  198  17:27  Missile Turret  
  198  17:29  Missile Turret  
  198  17:31  Missile Turret  
  198  17:46  Refinery  
  198  17:48  Missile Turret  
  183  17:53  Missile Turret  
  183  17:54  Missile Turret  
  183  17:56  Terran Infantry Weapons Level 2  
  128  18:09  Marine  
  128  18:10  Marine x7  
  128  18:11  Missile Turret  
  128  18:12  Siege Tank  
  100  18:13  Siege Tank  
  100  18:16  Terran Vehicle And Ship Armor Level 1, Medivac x3  
  100  18:17  Missile Turret  
  100  18:19  Missile Turret  
  109  18:27  Marine  
  109  18:28  Marine x7  
  117  18:37  Missile Turret  
  117  18:41  Missile Turret  
  117  18:43  Command Center  
  117  18:44  Siege Tank, Missile Turret  
  117  18:45  Siege Tank, Marine x3  
  117  18:46  Marine x5, Liberator x2, Medivac  
  139  19:03  Marine x8  
  147  19:16  Siege Tank, Liberator  
  153  19:17  Siege Tank  
  153  19:21  Marine x2  
  158  19:29  Liberator x2  
  164  19:48  Siege Tank  
  164  19:49  Siege Tank  
  170  19:58  Liberator  
  173  20:05  Marine x3  
  173  20:06  Marine x5  
  181  20:10  Terran Ship Weapons Level 1  
  181  20:11  Liberator, Refinery  
  181  20:12  Liberator, Terran Infantry Armor Level 2  
  187  20:21  Siege Tank x2  
  190  20:23  Marine x7  
Tags
 
League
Silver
Matchup
TvT
Race
Terran
Replay Pack
DaveSC2
Spawn Locations
Cross Positions
Add a new tag
Caveats
  • Supply blocks, unpowered buildings, or Contaminate may cause inaccurate times.
  • Supply counts are checked every 10 seconds.